COLORADO vs DALLAS

Created - June 19, 2021 at 08:29

Goals
1 2 3 T
COLORADO 0 1 1 2
DALLAS 1 0 0 1
Shots
1 2 3 T
COLORADO 6 6 11 23
DALLAS 8 8 11 27

1st period

1. DALLAS , Charlie McAvoy 1 (Evgenii Dadonov 1, Mikko Rantanen 1) at 16:06 (PP)

Penalties :
Urho Vaakanainen (COL) for Interference (Minor) at 14:07

2nd period

2. COLORADO , William Karlsson 1 (Artturi Lehkonen 1, David Krejci 1) at 6:38

Penalties :
Leo Komarov (COL) for Tripping (Minor) at 2:29

3rd period

3. COLORADO , Ron Hainsey 1 (William Karlsson 1, Artturi Lehkonen 2) at 16:28 (PP)

Penalties :
Brandon Carlo (COL) for Holding (Minor) at 0:19, Brandon Carlo (COL) for Tripping (Minor) at 9:56, Adam Lowry (DAL) for High sticking (Minor) at 15:31

Goalie Stats

Carey Price (COL), 26 saves from 27 shots - (0.963), W, 1-0-0, 60:00 minutes
Marc-Andre Fleury (DAL), 21 saves from 23 shots - (0.913), L, 0-1-0, 60:00 minutes

Players Stats for COLORADO

Player Name              G  A  P  +/- PIM S  H  SB GA TA FO     MP     PP MP  PK MP  
------------------------------------------------------------------------------------
Artturi Lehkonen         0  2  2   1  0   2  2  0  0  0  0/0    14:30   0:29   0:00 
Brandon Carlo            0  0  0   0  4   1  1  1  0  0  0/0    20:58   0:28   1:33 
Calvin de Haan           0  0  0   0  0   1  3  3  0  0  0/0    22:38   0:00   3:39 
David Krejci             0  1  1   1  0   0  0  0  0  0  3/6    19:13   0:29   4:43 
David Pastrnak           0  0  0   0  0   3  0  0  0  0  0/0    18:13   0:28   0:48 
Dylan Larkin             0  0  0   0  0   0  1  1  0  0  11/21  19:40   0:28   2:15 
John Moore               0  0  0   1  0   2  1  0  0  0  0/0    14:40   0:29   0:38 
Jonas Brodin             0  0  0   0  0   1  2  1  0  0  0/0    22:42   0:28   3:39 
Leo Komarov              0  0  0   0  2   2  3  0  0  0  0/0    10:40   0:00   0:00 
Mattias Janmark          0  0  0   0  0   1  0  0  0  0  0/0     9:59   0:00   0:00 
Mikko Koivu              0  0  0   0  0   2  1  0  0  0  4/13   14:42   0:00   4:01 
Nick Bjugstad            0  0  0   0  0   1  1  1  0  0  6/12    9:28   0:00   0:00 
Pavel Buchnevich         0  0  0   0  0   1  1  0  0  0  0/2    17:25   0:28   0:00 
Ron Hainsey              1  0  1   0  0   2  2  1  0  0  0/0    23:57   0:29   4:53 
Urho Vaakanainen         0  0  0   1  2   0  0  1  0  0  0/0    15:02   0:00   1:30 
Valtteri Filppula        0  0  0   0  0   2  1  1  0  0  2/3    11:39   0:00   0:58 
Warren Foegele           0  0  0   0  0   0  1  0  0  0  0/0     9:28   0:00   0:00 
William Karlsson         1  1  2   1  0   2  0  0  0  0  8/11   17:06   0:29   3:07 

Players Stats for DALLAS

Player Name              G  A  P  +/- PIM S  H  SB GA TA FO     MP     PP MP  PK MP  
------------------------------------------------------------------------------------
Adam Boqvist             0  0  0   0  0   0  0  0  0  0  0/0    15:34   0:00   0:00 
Adam Lowry               0  0  0   0  2   2  3  0  0  0  11/12  13:29   0:00   0:00 
Alex Tuch                0  0  0   0  0   1  1  0  0  0  0/1    17:25   3:30   0:00 
Auston Matthews          0  0  0   0  0   2  0  0  0  0  6/17   20:11   3:44   0:00 
Brady Skjei              0  0  0   0  0   1  2  0  0  0  0/0    20:30   3:26   0:28 
Charlie McAvoy           1  0  1  -1  0   2  0  0  0  0  0/0    24:35   3:49   0:29 
Evgenii Dadonov          0  1  1  -1  0   5  2  0  0  0  1/1    17:04   3:52   0:00 
Ilya Mikheyev            0  0  0   0  0   1  0  0  0  0  0/0     7:33   0:00   0:00 
Jakob Chychrun           0  0  0  -1  0   1  1  1  0  0  0/0    23:31   4:30   0:29 
Jason Spezza             0  0  0  -1  0   0  1  0  0  0  8/17   15:39   1:05   0:57 
Kasperi Kapanen          0  0  0   0  0   3  0  0  0  0  0/1    13:30   0:00   0:00 
Kirby Dach               0  0  0   0  0   0  0  0  0  0  5/13    7:33   0:00   0:00 
Lawson Crouse            0  0  0   0  0   1  1  0  0  0  0/0     7:53   0:20   0:00 
Mikko Rantanen           0  1  1   0  0   1  1  0  0  0  2/3    19:56   3:29   0:00 
Nikita Zaitsev           0  0  0   0  0   0  3  1  0  0  0/0    16:02   0:00   0:28 
Quinn Hughes             0  0  0   0  0   4  0  1  0  0  0/0    19:48   4:07   0:00 
Timo Meier               0  0  0  -1  0   3  6  0  0  0  0/1    18:38   4:04   0:57 
Travis Konecny           0  0  0   0  0   0  5  0  0  0  1/2    20:11   3:44   0:00 

3 Stars

1 - William Karlsson (COL)
2 - Carey Price (COL)
3 - Artturi Lehkonen (COL)

Power Play

COLORADO - 1 on 1 Attempt(s) - 100.00%
DALLAS - 1 on 4 Attempt(s) - 25.00%

Penalty Kill

COLORADO - 3 on 4 Attempt(s) - 75.00% - Score 0 goal in Penalty Kill
DALLAS - 0 on 1 Attempt(s) - 0.00% - Score 0 goal in Penalty Kill

Team Stat

COLORADO - Hits : 20 - Faceoff Wins : 34 - Blocked Shots : 10 - Penalty Minutes : 8
DALLAS - Hits : 26 - Faceoff Wins : 34 - Blocked Shots : 3 - Penalty Minutes : 2

Official

Referees : Kenny Anderson and Dan O'Rourke
Linesman : Andrew Mielniczek and T.J. McCarthy

Game Notes

No Game Note

Finance

Level 1 -- Attendance: 5015 (83.58%) -- Ticket Income $501,500
Level 2 -- Attendance: 3583 (71.66%) -- Ticket Income $286,640
Level 3 -- Attendance: 1100 (55.00%) -- Ticket Income $66,000
Level 4 -- Attendance: 2643 (66.08%) -- Ticket Income $79,290
Luxury Box -- Attendance: 1000 (100.00%) -- Ticket Income $120,000
Game was played at the American Airlines Center.
Total Attendance: 13341 (74.12%)
Total Ticket Income: $1,053,430
Total Income: $1,053,430

COLORADO

5 vs 5 Forward 
   Center                   Left Wing                Right Wing               Time % Phy DF OF 
 1 Dylan Larkin             Pavel Buchnevich         David Pastrnak           35     1   2  2  
 2 William Karlsson         David Krejci             Artturi Lehkonen         30     1   2  2  
 3 Mikko Koivu              Leo Komarov              Valtteri Filppula        25     1   2  2  
 4 Nick Bjugstad            Warren Foegele           Mattias Janmark          10     1   2  2  

5 vs 5 Defense 
   Defense                  Defense                                           Time % Phy DF OF 
 1 Ron Hainsey              Jonas Brodin                                      35     1   2  2  
 2 Brandon Carlo            Calvin de Haan                                    30     1   2  2  
 3 John Moore               Urho Vaakanainen                                  25     1   2  2  
 4 Brandon Carlo            Calvin de Haan                                    10     1   2  2  

PowerPlay Forward 
   Center                   Left Wing                Right Wing               Time % Phy DF OF 
 1 Dylan Larkin             Pavel Buchnevich         David Pastrnak           60     1   2  2  
 2 William Karlsson         David Krejci             Artturi Lehkonen         40     1   2  2  

PowerPlay Defense
   Defense                  Defense                                           Time % Phy DF OF 
 1 Ron Hainsey              John Moore                                        60     1   2  2  
 2 Brandon Carlo            Jonas Brodin                                      40     1   2  2  

Penalty Kill 4 Players Forward 
   Center                   Wing                     Time % Phy DF OF 
 1 David Krejci             Mikko Koivu              60     1   2  2  
 2 Dylan Larkin             William Karlsson         40     1   2  2  

Penalty Kill 4 Players Defense
   Defense                  Defense                  Time % Phy DF OF 
 1 Ron Hainsey              Jonas Brodin             60     1   2  2  
 2 Brandon Carlo            Calvin de Haan           40     1   2  2  

Penalty Kill - 3 Players Forward 
   Forward                                           Time % Phy DF OF 
 1 Dylan Larkin                                      60     1   2  2  
 2 William Karlsson                                  40     1   2  2  

Penalty Kill - 3 Players Defense
   Defense                  Defense                  Time % Phy DF OF 
 1 Ron Hainsey              Jonas Brodin             60     1   2  2  
 2 Brandon Carlo            Calvin de Haan           40     1   2  2  

4 vs 4 Forward 
   Center                   Wing                     Time % Phy DF OF 
 1 Dylan Larkin             David Pastrnak           60     1   2  2  
 2 William Karlsson         David Krejci             40     1   2  2  

4 vs 4 Defense
   Defense                  Defense                  Time % Phy DF OF 
 1 Ron Hainsey              Jonas Brodin             60     1   2  2  
 2 Brandon Carlo            Calvin de Haan           40     1   2  2  

Last Minutes Offensive
   Center                   Left Wing                Right Wing               Defense                  Defense                  
   Dylan Larkin             Pavel Buchnevich         David Pastrnak           Ron Hainsey              Jonas Brodin             

Last Minutes Defensive
   Center                   Left Wing                Right Wing               Defense                  Defense                  
   Dylan Larkin             Pavel Buchnevich         David Pastrnak           Ron Hainsey              Jonas Brodin             

Goaltenders
Starting : Carey Price              
Backup : Linus Ullmark            

Extra Forwards
Normal : Dylan Larkin, David Pastrnak, David Krejci - PP : David Pastrnak, Dylan Larkin - PK : William Karlsson
Extra Defensemen
Normal : Brandon Carlo, Jonas Brodin, Ron Hainsey - PP : Brandon Carlo - PK : Brandon Carlo, Calvin de Haan
Penalty Shots
David Pastrnak, Dylan Larkin, William Karlsson, David Krejci, Pavel Buchnevich

Scratches
COL Cap Hit (Suspend)

DALLAS

5 vs 5 Forward 
   Center                   Left Wing                Right Wing               Time % Phy DF OF 
 1 Auston Matthews          Mikko Rantanen           Travis Konecny           35     0   1  4  
 2 Jason Spezza             Evgenii Dadonov          Timo Meier               27     1   1  3  
 3 Adam Lowry               Alex Tuch                Kasperi Kapanen          26     1   2  2  
 4 Kirby Dach               Lawson Crouse            Ilya Mikheyev            12     1   2  2  

5 vs 5 Defense 
   Defense                  Defense                                           Time % Phy DF OF 
 1 Charlie McAvoy           Jakob Chychrun                                    34     1   1  3  
 2 Quinn Hughes             Brady Skjei                                       33     1   1  3  
 3 Adam Boqvist             Nikita Zaitsev                                    23     1   2  2  
 4 Charlie McAvoy           Brady Skjei                                       10     1   1  3  

PowerPlay Forward 
   Center                   Left Wing                Right Wing               Time % Phy DF OF 
 1 Auston Matthews          Timo Meier               Travis Konecny           55     0   1  4  
 2 Mikko Rantanen           Evgenii Dadonov          Alex Tuch                45     0   1  4  

PowerPlay Defense
   Defense                  Defense                                           Time % Phy DF OF 
 1 Quinn Hughes             Jakob Chychrun                                    60     1   1  3  
 2 Charlie McAvoy           Brady Skjei                                       40     1   1  3  

Penalty Kill 4 Players Forward 
   Center                   Wing                     Time % Phy DF OF 
 1 Adam Lowry               Timo Meier               60     0   4  1  
 2 Auston Matthews          Lawson Crouse            40     0   4  1  

Penalty Kill 4 Players Defense
   Defense                  Defense                  Time % Phy DF OF 
 1 Charlie McAvoy           Jakob Chychrun           50     1   4  0  
 2 Brady Skjei              Nikita Zaitsev           50     1   4  0  

Penalty Kill - 3 Players Forward 
   Forward                                           Time % Phy DF OF 
 1 Adam Lowry                                        60     0   5  0  
 2 Lawson Crouse                                     40     0   5  0  

Penalty Kill - 3 Players Defense
   Defense                  Defense                  Time % Phy DF OF 
 1 Brady Skjei              Charlie McAvoy           60     0   5  0  
 2 Nikita Zaitsev           Jakob Chychrun           40     0   5  0  

4 vs 4 Forward 
   Center                   Wing                     Time % Phy DF OF 
 1 Auston Matthews          Travis Konecny           60     1   1  3  
 2 Mikko Rantanen           Timo Meier               40     1   2  2  

4 vs 4 Defense
   Defense                  Defense                  Time % Phy DF OF 
 1 Charlie McAvoy           Brady Skjei              60     1   1  3  
 2 Quinn Hughes             Jakob Chychrun           40     1   2  2  

Last Minutes Offensive
   Center                   Left Wing                Right Wing               Defense                  Defense                  
   Auston Matthews          Mikko Rantanen           Timo Meier               Charlie McAvoy           Quinn Hughes             

Last Minutes Defensive
   Center                   Left Wing                Right Wing               Defense                  Defense                  
   Adam Lowry               Timo Meier               Lawson Crouse            Charlie McAvoy           Brady Skjei              

Goaltenders
Starting : Marc-Andre Fleury        
Backup : Ilya Samsonov            

Extra Forwards
Normal : Mikko Rantanen, Auston Matthews, Timo Meier - PP : Mikko Rantanen, Auston Matthews - PK : Adam Lowry
Extra Defensemen
Normal : Charlie McAvoy, Jakob Chychrun, Brady Skjei - PP : Charlie McAvoy - PK : Brady Skjei, Charlie McAvoy
Penalty Shots
Mikko Rantanen, Jason Spezza, Auston Matthews, Charlie McAvoy, Alex Tuch

Scratches
Vladimir Sobotka (Healthy), Stefan Noesen (Healthy), Denis Gurianov (Healthy)

% Time on Ice - COLORADO

Lines # - Real PCT - Wanted PCT - Time Play
Normal Forward
1 - 33% - 35% - 16:46
2 - 27% - 30% - 13:30
3 - 21% - 25% - 10:41
4 - 19% - 10% - 9:28
Normal Defense
1 - 35% - 35% - 17:53
2 - 30% - 30% - 15:07
3 - 27% - 25% - 13:33
4 - 8% - 10% - 3:52
PP Forward
1 - 49% - 60% - 0:28
2 - 51% - 40% - 0:29
PP Defense
1 - 51% - 60% - 0:29
2 - 49% - 40% - 0:28
PK Forward
1 - 72% - 60% - 5:41
2 - 28% - 40% - 2:15
PK Defense
1 - 46% - 60% - 3:39
2 - 54% - 40% - 4:17
PK3 Forward
1 - 0% - 60%
2 - 0% - 40%
PK3 Defense
1 - 0% - 60%
2 - 0% - 40%
44 Forward
1 - 0% - 60%
2 - 0% - 40%
44 Defense
1 - 0% - 60%
2 - 0% - 40%
Last Minute Offensive  - 0:00
Last Minute Defensive  - 0:42
Total
Forward - 60:00
Defense - 60:00

% Time on Ice - DALLAS

Lines # - Real PCT - Wanted PCT - Time Play
Normal Forward
1 - 32% - 35% - 16:27
2 - 26% - 27% - 13:12
3 - 27% - 26% - 13:30
4 - 15% - 12% - 7:33
Normal Defense
1 - 37% - 34% - 18:32
2 - 29% - 33% - 14:38
3 - 31% - 23% - 15:34
4 - 4% - 10% - 1:58
PP Forward
1 - 51% - 55% - 4:04
2 - 49% - 45% - 3:52
PP Defense
1 - 57% - 60% - 4:30
2 - 43% - 40% - 3:26
PK Forward
1 - 100% - 60% - 0:57
2 - 0% - 40% - 0:00
PK Defense
1 - 51% - 50% - 0:29
2 - 49% - 50% - 0:28
PK3 Forward
1 - 0% - 60%
2 - 0% - 40%
PK3 Defense
1 - 0% - 60%
2 - 0% - 40%
44 Forward
1 - 0% - 60%
2 - 0% - 40%
44 Defense
1 - 0% - 60%
2 - 0% - 40%
Last Minute Offensive  - 0:25
Last Minute Defensive  - 0:00
Total
Forward - 60:00
Defense - 60:00

Play-by-Play

1st period


0:01 of 1st period - Auston Matthews wins face-off versus Dylan Larkin in neutral zone.
1:17 of 1st period - Shot by Artturi Lehkonen.
1:17 of 1st period - Shot Misses the Net.
1:44 of 1st period - Off-side.
1:45 of 1st period - Adam Lowry wins face-off versus Mikko Koivu in neutral zone.
1:45 of 1st period - Adam Lowry is hit by Valtteri Filppula.
1:55 of 1st period - Shot by Adam Lowry.
1:55 of 1st period - Stopped by Carey Price with a rebound.
2:06 of 1st period - Mikko Koivu is hit by Nikita Zaitsev and loses puck.
2:13 of 1st period - Shot by Mikko Koivu.
2:13 of 1st period - Shot Hit the Post.
2:15 of 1st period - Shot by Urho Vaakanainen.
2:15 of 1st period - Deflect By Leo Komarov.
2:15 of 1st period - Stopped by Marc-Andre Fleury with a rebound.
2:17 of 1st period - Shot by Mikko Koivu.
2:17 of 1st period - Stopped by Marc-Andre Fleury with a rebound.
2:43 of 1st period - Icing by Jonas Brodin.
2:44 of 1st period - Nick Bjugstad wins face-off versus Kirby Dach in COLORADO zone.
3:00 of 1st period - Shot by Warren Foegele.
3:00 of 1st period - Shot Blocked by Jakob Chychrun.
3:31 of 1st period - Icing by Charlie McAvoy.
3:32 of 1st period - Dylan Larkin wins face-off versus Kirby Dach in DALLAS zone.
3:33 of 1st period - Shot by Pavel Buchnevich.
3:33 of 1st period - Shot Misses the Net.
3:59 of 1st period - Shot by Auston Matthews.
3:59 of 1st period - Shot Blocked by Calvin de Haan.
4:10 of 1st period - Shot by Mikko Rantanen.
4:10 of 1st period - Stopped by Carey Price without a rebound.
4:11 of 1st period - William Karlsson wins face-off versus Jason Spezza in COLORADO zone.
4:11 of 1st period - William Karlsson is hit by Timo Meier.
5:02 of 1st period - Shot by Mikko Koivu.
5:02 of 1st period - Shot Misses the Net.
5:25 of 1st period - Ron Hainsey is hit by Timo Meier and loses puck.
6:04 of 1st period - Shot by Mikko Rantanen.
6:04 of 1st period - Deflect By Auston Matthews.
6:04 of 1st period - Shot Misses the Net.
6:46 of 1st period - Calvin de Haan is hit by Travis Konecny and loses puck.
7:29 of 1st period - Shot by Kasperi Kapanen.
7:29 of 1st period - Stopped by Carey Price without a rebound.
7:30 of 1st period - Kirby Dach wins face-off versus Mikko Koivu in COLORADO zone.
7:31 of 1st period - Shot by Lawson Crouse.
7:31 of 1st period - Shot Misses the Net.
7:40 of 1st period - Icing by Jonas Brodin.
7:41 of 1st period - Kirby Dach wins face-off versus Mikko Koivu in COLORADO zone.
7:56 of 1st period - Shot by Ilya Mikheyev.
7:56 of 1st period - Stopped by Carey Price with a rebound.
7:58 of 1st period - Shot by Ilya Mikheyev.
7:58 of 1st period - Shot Misses the Net.
10:11 of 1st period - Icing by Evgenii Dadonov.
10:12 of 1st period - Jason Spezza wins face-off versus Mikko Koivu in DALLAS zone.
10:12 of 1st period - Jason Spezza is hit by Leo Komarov.
10:26 of 1st period - Shot by Timo Meier.
10:26 of 1st period - Shot Misses the Net.
10:29 of 1st period - Icing by Ron Hainsey.
10:30 of 1st period - Adam Lowry wins face-off versus Mikko Koivu in COLORADO zone.
10:30 of 1st period - Quinn Hughes is hit by Ron Hainsey and loses puck.
10:55 of 1st period - Shot by Mikko Koivu.
10:55 of 1st period - Shot Misses the Net.
11:22 of 1st period - Mikko Rantanen is hit by John Moore and loses puck.
11:28 of 1st period - Off-side.
11:29 of 1st period - William Karlsson wins face-off versus Jason Spezza in neutral zone.
12:30 of 1st period - Shot by David Pastrnak.
12:30 of 1st period - Stopped by Marc-Andre Fleury without a rebound.
12:31 of 1st period - Mikko Koivu wins face-off versus Auston Matthews in DALLAS zone.
13:46 of 1st period - Shot by David Pastrnak.
13:46 of 1st period - Shot Hit the Post.
13:48 of 1st period - Shot by Dylan Larkin.
13:48 of 1st period - Shot Misses the Net.
13:56 of 1st period - Shot by Dylan Larkin.
13:56 of 1st period - Deflect By David Pastrnak.
13:56 of 1st period - Shot Misses the Net.
14:07 of 1st period - Minor Penalty to Urho Vaakanainen for Interference.
14:08 of 1st period - David Krejci wins face-off versus Auston Matthews in COLORADO zone.
14:08 of 1st period - David Krejci is hit by Timo Meier.
14:40 of 1st period - William Karlsson is hit by Timo Meier and loses puck.
14:53 of 1st period - Shot by William Karlsson.
14:53 of 1st period - Shot Misses the Net.
15:16 of 1st period - Shot by Charlie McAvoy.
15:16 of 1st period - Shot Blocked by Jonas Brodin.
15:18 of 1st period - Shot by Brady Skjei.
15:18 of 1st period - Stopped by Carey Price with a rebound.
15:20 of 1st period - Shot by Charlie McAvoy.
15:20 of 1st period - Shot Misses the Net.
15:41 of 1st period - Auston Matthews is hit by Brandon Carlo and loses puck.
15:44 of 1st period - Shot by Quinn Hughes.
15:44 of 1st period - Stopped by Carey Price without a rebound.
15:45 of 1st period - Valtteri Filppula wins face-off versus Jason Spezza in COLORADO zone.
16:02 of 1st period - Shot by Charlie McAvoy.
16:02 of 1st period - Shot Blocked by Brandon Carlo.
16:04 of 1st period - Shot by Charlie McAvoy.
16:04 of 1st period - Stopped by Carey Price with a rebound.
16:06 of 1st period - Shot by Charlie McAvoy.
16:06 of 1st period - Goal by Charlie McAvoy - COLORADO : 0 - DALLAS : 1.
16:07 of 1st period - Kirby Dach wins face-off versus Nick Bjugstad in neutral zone.
16:18 of 1st period - Shot by Mattias Janmark.
16:18 of 1st period - Stopped by Marc-Andre Fleury without a rebound.
16:19 of 1st period - Dylan Larkin wins face-off versus Kirby Dach in DALLAS zone.
16:34 of 1st period - Shot by Dylan Larkin.
16:34 of 1st period - Shot Misses the Net.
16:39 of 1st period - Icing by Ilya Mikheyev.
16:40 of 1st period - Nick Bjugstad wins face-off versus Kirby Dach in DALLAS zone.
17:30 of 1st period - Shot by Travis Konecny.
17:30 of 1st period - Shot Misses the Net.
17:33 of 1st period - Icing by Calvin de Haan.
17:34 of 1st period - Adam Lowry wins face-off versus Pavel Buchnevich in COLORADO zone.
18:50 of 1st period - Shot by David Krejci.
18:50 of 1st period - Deflect By Artturi Lehkonen.
18:50 of 1st period - Stopped by Marc-Andre Fleury with a rebound.
19:46 of 1st period - Icing by Charlie McAvoy.
19:47 of 1st period - Adam Lowry wins face-off versus Dylan Larkin in DALLAS zone.
19:56 of 1st period - Shot by Pavel Buchnevich.
19:56 of 1st period - Stopped by Marc-Andre Fleury without a rebound.
19:57 of 1st period - Auston Matthews wins face-off versus Nick Bjugstad in DALLAS zone.
Goals for this period are 0 for COLORADO vs 1 for DALLAS.
Shots for this period are 6 for COLORADO vs 8 for DALLAS.

2nd period


0:01 of 2nd period - William Karlsson wins face-off versus Auston Matthews in neutral zone.
0:04 of 2nd period - Travis Konecny is hit by Artturi Lehkonen and loses puck.
0:17 of 2nd period - Shot by Auston Matthews.
0:17 of 2nd period - Stopped by Carey Price without a rebound.
0:18 of 2nd period - Dylan Larkin wins face-off versus Jason Spezza in COLORADO zone.
1:13 of 2nd period - Shot by Auston Matthews.
1:13 of 2nd period - Shot Misses the Net.
2:16 of 2nd period - Alex Tuch is hit by Artturi Lehkonen and loses puck.
2:26 of 2nd period - Adam Lowry is hit by Leo Komarov.
2:29 of 2nd period - Minor Penalty to Leo Komarov for Tripping.
2:30 of 2nd period - Valtteri Filppula wins face-off versus Jason Spezza in COLORADO zone.
2:42 of 2nd period - Jonas Brodin is hit by Jason Spezza.
2:48 of 2nd period - Shot by Evgenii Dadonov.
2:48 of 2nd period - Shot Misses the Net.
2:52 of 2nd period - Shot by Evgenii Dadonov.
2:52 of 2nd period - Stopped by Carey Price without a rebound.
2:53 of 2nd period - Travis Konecny wins face-off versus Valtteri Filppula in COLORADO zone.
2:54 of 2nd period - Shot by Auston Matthews.
2:54 of 2nd period - Shot Misses the Net.
2:56 of 2nd period - Shot by Quinn Hughes.
2:56 of 2nd period - Shot Blocked by Calvin de Haan.
2:58 of 2nd period - Shot by Jakob Chychrun.
2:58 of 2nd period - Shot Misses the Net.
3:02 of 2nd period - Shot by Travis Konecny.
3:02 of 2nd period - Shot Misses the Net.
3:52 of 2nd period - Shot by Mikko Rantanen.
3:52 of 2nd period - Shot Blocked by Dylan Larkin.
4:30 of 2nd period - Shot by Lawson Crouse.
4:30 of 2nd period - Stopped by Carey Price without a rebound.
4:31 of 2nd period - Nick Bjugstad wins face-off versus Kirby Dach in COLORADO zone.
4:31 of 2nd period - Nick Bjugstad is hit by Lawson Crouse.
4:51 of 2nd period - Shot by Nick Bjugstad.
4:51 of 2nd period - Stopped by Marc-Andre Fleury with a rebound.
5:15 of 2nd period - Shot by David Pastrnak.
5:15 of 2nd period - Shot Blocked by Nikita Zaitsev.
5:17 of 2nd period - Shot by Pavel Buchnevich.
5:17 of 2nd period - Shot Misses the Net.
5:19 of 2nd period - Shot by John Moore.
5:19 of 2nd period - Stopped by Marc-Andre Fleury without a rebound.
5:20 of 2nd period - Jason Spezza wins face-off versus Mikko Koivu in DALLAS zone.
6:38 of 2nd period - Shot by Artturi Lehkonen.
6:38 of 2nd period - Deflect By William Karlsson.
6:38 of 2nd period - Goal by William Karlsson - COLORADO : 1 - DALLAS : 1.
6:39 of 2nd period - Dylan Larkin wins face-off versus Auston Matthews in neutral zone.
6:50 of 2nd period - Shot by Dylan Larkin.
6:50 of 2nd period - Shot Blocked by Quinn Hughes.
8:03 of 2nd period - Nikita Zaitsev is hit by Nick Bjugstad.
8:27 of 2nd period - Shot by Alex Tuch.
8:27 of 2nd period - Stopped by Carey Price with a rebound.
8:34 of 2nd period - Jonas Brodin is hit by Nikita Zaitsev and loses puck.
8:42 of 2nd period - Icing by Adam Boqvist.
8:43 of 2nd period - William Karlsson wins face-off versus Kasperi Kapanen in DALLAS zone.
8:45 of 2nd period - Artturi Lehkonen is hit by Nikita Zaitsev.
9:01 of 2nd period - William Karlsson is hit by Adam Lowry and loses puck.
9:09 of 2nd period - Icing by William Karlsson.
9:10 of 2nd period - William Karlsson wins face-off versus Jason Spezza in COLORADO zone.
9:10 of 2nd period - Artturi Lehkonen is hit by Evgenii Dadonov and loses puck.
9:24 of 2nd period - Shot by Evgenii Dadonov.
9:24 of 2nd period - Stopped by Carey Price without a rebound.
9:25 of 2nd period - Kirby Dach wins face-off versus Dylan Larkin in COLORADO zone.
10:01 of 2nd period - Icing by Calvin de Haan.
10:02 of 2nd period - Dylan Larkin wins face-off versus Auston Matthews in COLORADO zone.
10:36 of 2nd period - Calvin de Haan is hit by Travis Konecny and loses puck.
10:51 of 2nd period - Ron Hainsey is hit by Travis Konecny and loses puck.
11:22 of 2nd period - Shot by Timo Meier.
11:22 of 2nd period - Stopped by Carey Price without a rebound.
11:23 of 2nd period - Adam Lowry wins face-off versus Mikko Koivu in COLORADO zone.
11:42 of 2nd period - Shot by Quinn Hughes.
11:42 of 2nd period - Stopped by Carey Price without a rebound.
11:43 of 2nd period - Nick Bjugstad wins face-off versus Kirby Dach in COLORADO zone.
11:57 of 2nd period - Icing by Nick Bjugstad.
11:58 of 2nd period - Nick Bjugstad wins face-off versus Jason Spezza in COLORADO zone.
12:27 of 2nd period - Shot by Evgenii Dadonov.
12:27 of 2nd period - Shot Misses the Net.
13:14 of 2nd period - Shot by Auston Matthews.
13:14 of 2nd period - Shot Misses the Net.
13:18 of 2nd period - Shot by Auston Matthews.
13:18 of 2nd period - Shot Blocked by Nick Bjugstad.
13:44 of 2nd period - Shot by Kasperi Kapanen.
13:44 of 2nd period - Shot Misses the Net.
13:46 of 2nd period - Shot by Adam Lowry.
13:46 of 2nd period - Stopped by Carey Price without a rebound.
13:47 of 2nd period - William Karlsson wins face-off versus Kirby Dach in COLORADO zone.
14:49 of 2nd period - Jason Spezza is hit by Leo Komarov.
15:01 of 2nd period - Shot by Timo Meier.
15:01 of 2nd period - Shot Blocked by Valtteri Filppula.
15:09 of 2nd period - Shot by Valtteri Filppula.
15:09 of 2nd period - Stopped by Marc-Andre Fleury with a rebound.
16:07 of 2nd period - Shot by Auston Matthews.
16:07 of 2nd period - Shot Blocked by Urho Vaakanainen.
16:35 of 2nd period - Icing by Alex Tuch.
16:36 of 2nd period - Adam Lowry wins face-off versus Mikko Koivu in DALLAS zone.
16:53 of 2nd period - Leo Komarov is hit by Adam Lowry and loses puck.
17:30 of 2nd period - Shot by Timo Meier.
17:30 of 2nd period - Shot Misses the Net.
17:46 of 2nd period - Shot by Dylan Larkin.
17:46 of 2nd period - Shot Misses the Net.
17:48 of 2nd period - Shot by Pavel Buchnevich.
17:48 of 2nd period - Shot Misses the Net.
17:50 of 2nd period - Shot by Calvin de Haan.
17:50 of 2nd period - Stopped by Marc-Andre Fleury with a rebound.
18:57 of 2nd period - Shot by Mikko Rantanen.
18:57 of 2nd period - Shot Misses the Net.
19:13 of 2nd period - Shot by William Karlsson.
19:13 of 2nd period - Stopped by Marc-Andre Fleury with a rebound.
19:15 of 2nd period - Shot by Artturi Lehkonen.
19:15 of 2nd period - Shot Misses the Net.
19:17 of 2nd period - Shot by David Krejci.
19:17 of 2nd period - Shot Misses the Net.
19:41 of 2nd period - Jonas Brodin is hit by Travis Konecny and loses puck.
Goals for this period are 1 for COLORADO vs 0 for DALLAS.
Shots for this period are 6 for COLORADO vs 8 for DALLAS.

3rd period


0:01 of 3rd period - Dylan Larkin wins face-off versus Auston Matthews in neutral zone.
0:19 of 3rd period - Minor Penalty to Brandon Carlo for Holding.
0:20 of 3rd period - David Krejci wins face-off versus Mikko Rantanen in COLORADO zone.
0:34 of 3rd period - Mikko Rantanen is hit by Ron Hainsey.
0:48 of 3rd period - David Krejci is hit by Mikko Rantanen and loses puck.
0:53 of 3rd period - Shot by Evgenii Dadonov.
0:53 of 3rd period - Stopped by Carey Price without a rebound.
0:54 of 3rd period - Dylan Larkin wins face-off versus Auston Matthews in COLORADO zone.
0:54 of 3rd period - Dylan Larkin is hit by Timo Meier.
1:01 of 3rd period - Icing by Auston Matthews.
1:02 of 3rd period - Auston Matthews wins face-off versus David Krejci in DALLAS zone.
1:07 of 3rd period - Shot by Brady Skjei.
1:07 of 3rd period - Shot Misses the Net.
1:09 of 3rd period - Shot by Brady Skjei.
1:09 of 3rd period - Shot Misses the Net.
1:36 of 3rd period - Shot by Timo Meier.
1:36 of 3rd period - Stopped by Carey Price without a rebound.
1:37 of 3rd period - Mikko Rantanen wins face-off versus David Krejci in COLORADO zone.
2:01 of 3rd period - Shot by Mikko Rantanen.
2:01 of 3rd period - Shot Misses the Net.
2:03 of 3rd period - Shot by Jakob Chychrun.
2:03 of 3rd period - Stopped by Carey Price without a rebound.
2:04 of 3rd period - Auston Matthews wins face-off versus Dylan Larkin in COLORADO zone.
2:04 of 3rd period - Timo Meier is hit by Jonas Brodin.
2:32 of 3rd period - Shot by David Pastrnak.
2:32 of 3rd period - Stopped by Marc-Andre Fleury without a rebound.
2:33 of 3rd period - Adam Lowry wins face-off versus Nick Bjugstad in DALLAS zone.
2:50 of 3rd period - Shot by Adam Lowry.
2:50 of 3rd period - Shot Misses the Net.
2:54 of 3rd period - Shot by Kasperi Kapanen.
2:54 of 3rd period - Stopped by Carey Price without a rebound.
2:55 of 3rd period - Dylan Larkin wins face-off versus Travis Konecny in COLORADO zone.
3:10 of 3rd period - Shot by Quinn Hughes.
3:10 of 3rd period - Stopped by Carey Price without a rebound.
3:11 of 3rd period - William Karlsson wins face-off versus Timo Meier in COLORADO zone.
3:11 of 3rd period - Jonas Brodin is hit by Evgenii Dadonov and loses puck.
3:24 of 3rd period - Shot by Evgenii Dadonov.
3:24 of 3rd period - Stopped by Carey Price without a rebound.
3:25 of 3rd period - Dylan Larkin wins face-off versus Auston Matthews in COLORADO zone.
3:25 of 3rd period - Dylan Larkin is hit by Travis Konecny.
3:41 of 3rd period - Off-side.
3:42 of 3rd period - Jason Spezza wins face-off versus William Karlsson in neutral zone.
4:47 of 3rd period - Shot by David Pastrnak.
4:47 of 3rd period - Deflect By Dylan Larkin.
4:47 of 3rd period - Shot Misses the Net.
4:58 of 3rd period - Dylan Larkin is hit by Brady Skjei.
5:07 of 3rd period - Icing by Brady Skjei.
5:08 of 3rd period - Mikko Koivu wins face-off versus Auston Matthews in DALLAS zone.
5:08 of 3rd period - Mikko Koivu is hit by Brady Skjei.
5:28 of 3rd period - Shot by Leo Komarov.
5:28 of 3rd period - Stopped by Marc-Andre Fleury without a rebound.
5:29 of 3rd period - Adam Lowry wins face-off versus Nick Bjugstad in DALLAS zone.
5:48 of 3rd period - Icing by Jakob Chychrun.
5:49 of 3rd period - Adam Lowry wins face-off versus Pavel Buchnevich in DALLAS zone.
5:49 of 3rd period - Adam Lowry is hit by Pavel Buchnevich.
6:09 of 3rd period - Shot by Alex Tuch.
6:09 of 3rd period - Deflect By Kasperi Kapanen.
6:09 of 3rd period - Stopped by Carey Price without a rebound.
6:10 of 3rd period - Evgenii Dadonov wins face-off versus Mikko Koivu in COLORADO zone.
6:17 of 3rd period - Nikita Zaitsev is hit by Mikko Koivu and loses puck.
6:36 of 3rd period - Shot by Mikko Koivu.
6:36 of 3rd period - Stopped by Marc-Andre Fleury without a rebound.
6:37 of 3rd period - Auston Matthews wins face-off versus Dylan Larkin in DALLAS zone.
7:00 of 3rd period - Shot by Jonas Brodin.
7:00 of 3rd period - Deflect By David Pastrnak.
7:00 of 3rd period - Stopped by Marc-Andre Fleury without a rebound.
7:01 of 3rd period - William Karlsson wins face-off versus Alex Tuch in DALLAS zone.
7:01 of 3rd period - William Karlsson is hit by Jakob Chychrun.
8:26 of 3rd period - Mikko Rantanen is hit by Jonas Brodin and loses puck.
8:54 of 3rd period - Shot by Evgenii Dadonov.
8:54 of 3rd period - Shot Misses the Net.
8:58 of 3rd period - Shot by Evgenii Dadonov.
8:58 of 3rd period - Stopped by Carey Price without a rebound.
8:59 of 3rd period - Mikko Koivu wins face-off versus Kirby Dach in COLORADO zone.
9:22 of 3rd period - Shot by Valtteri Filppula.
9:22 of 3rd period - Stopped by Marc-Andre Fleury without a rebound.
9:23 of 3rd period - Adam Lowry wins face-off versus Nick Bjugstad in DALLAS zone.
9:23 of 3rd period - Kasperi Kapanen is hit by Warren Foegele and loses puck.
9:56 of 3rd period - Minor Penalty to Brandon Carlo for Tripping.
9:57 of 3rd period - David Krejci wins face-off versus Auston Matthews in COLORADO zone.
10:10 of 3rd period - Shot by Jakob Chychrun.
10:10 of 3rd period - Shot Hit the Post.
10:30 of 3rd period - Shot by Auston Matthews.
10:30 of 3rd period - Stopped by Carey Price without a rebound.
10:31 of 3rd period - Mikko Rantanen wins face-off versus Dylan Larkin in COLORADO zone.
10:31 of 3rd period - Charlie McAvoy is hit by Calvin de Haan and loses puck.
11:43 of 3rd period - Shot by Auston Matthews.
11:43 of 3rd period - Shot Misses the Net.
11:45 of 3rd period - Shot by Travis Konecny.
11:45 of 3rd period - Shot Misses the Net.
11:47 of 3rd period - Shot by Jakob Chychrun.
11:47 of 3rd period - Shot Misses the Net.
11:49 of 3rd period - Shot by Auston Matthews.
11:49 of 3rd period - Shot Blocked by Ron Hainsey.
11:51 of 3rd period - Shot by Quinn Hughes.
11:51 of 3rd period - Stopped by Carey Price with a rebound.
11:53 of 3rd period - Shot by Jakob Chychrun.
11:53 of 3rd period - Shot Misses the Net.
12:57 of 3rd period - Shot by Dylan Larkin.
12:57 of 3rd period - Shot Misses the Net.
14:53 of 3rd period - Shot by Travis Konecny.
14:53 of 3rd period - Shot Misses the Net.
15:11 of 3rd period - Icing by Brady Skjei.
15:12 of 3rd period - Kirby Dach wins face-off versus Nick Bjugstad in DALLAS zone.
15:16 of 3rd period - Quinn Hughes is hit by Calvin de Haan and loses puck.
15:20 of 3rd period - Icing by Calvin de Haan.
15:21 of 3rd period - Nick Bjugstad wins face-off versus Adam Lowry in COLORADO zone.
15:21 of 3rd period - Brandon Carlo is hit by Alex Tuch and loses puck.
15:29 of 3rd period - Brandon Carlo is hit by Adam Lowry and loses puck.
15:31 of 3rd period - Minor Penalty to Adam Lowry for High sticking.
15:32 of 3rd period - Dylan Larkin wins face-off versus Jason Spezza in DALLAS zone.
15:33 of 3rd period - Shot by Pavel Buchnevich.
15:33 of 3rd period - Shot Misses the Net.
15:35 of 3rd period - Shot by Brandon Carlo.
15:35 of 3rd period - Stopped by Marc-Andre Fleury without a rebound.
15:36 of 3rd period - Jason Spezza wins face-off versus Dylan Larkin in DALLAS zone.
15:46 of 3rd period - David Pastrnak is hit by Timo Meier and loses puck.
15:53 of 3rd period - Shot by Dylan Larkin.
15:53 of 3rd period - Shot Misses the Net.
15:59 of 3rd period - Shot by Jonas Brodin.
15:59 of 3rd period - Stopped by Marc-Andre Fleury without a rebound.
16:00 of 3rd period - Jason Spezza wins face-off versus David Krejci in DALLAS zone.
16:06 of 3rd period - Icing by Ron Hainsey.
16:07 of 3rd period - Jason Spezza wins face-off versus William Karlsson in COLORADO zone.
16:24 of 3rd period - Shot by William Karlsson.
16:24 of 3rd period - Shot Misses the Net.
16:26 of 3rd period - Shot by Ron Hainsey.
16:26 of 3rd period - Stopped by Marc-Andre Fleury with a rebound.
16:28 of 3rd period - Shot by Ron Hainsey.
16:28 of 3rd period - Goal by Ron Hainsey - COLORADO : 2 - DALLAS : 1.
16:29 of 3rd period - Auston Matthews wins face-off versus Dylan Larkin in neutral zone.
16:51 of 3rd period - Travis Konecny is hit by Calvin de Haan and loses puck.
17:25 of 3rd period - Icing by Jakob Chychrun.
17:26 of 3rd period - Adam Lowry wins face-off versus William Karlsson in DALLAS zone.
18:16 of 3rd period - Shot by Timo Meier.
18:16 of 3rd period - Stopped by Carey Price without a rebound.
18:17 of 3rd period - Mikko Koivu wins face-off versus Jason Spezza in COLORADO zone.
18:32 of 3rd period - Shot by John Moore.
18:32 of 3rd period - Stopped by Marc-Andre Fleury without a rebound.
18:33 of 3rd period - Dylan Larkin wins face-off versus Auston Matthews in DALLAS zone.
18:54 of 3rd period - Shot by Auston Matthews.
18:54 of 3rd period - Shot Blocked by Calvin de Haan.
19:02 of 3rd period - Nikita Zaitsev is hit by Dylan Larkin and loses puck.
19:13 of 3rd period - Shot by David Pastrnak.
19:13 of 3rd period - Shot Misses the Net.
19:46 of 3rd period - Shot by Ron Hainsey.
19:46 of 3rd period - Deflect By David Krejci.
19:46 of 3rd period - Shot Misses the Net.
19:48 of 3rd period - Shot by Artturi Lehkonen.
19:48 of 3rd period - Stopped by Marc-Andre Fleury without a rebound.
19:49 of 3rd period - Jason Spezza wins face-off versus Dylan Larkin in DALLAS zone.
19:51 of 3rd period - Icing by Timo Meier.
19:52 of 3rd period - Jason Spezza wins face-off versus Dylan Larkin in DALLAS zone.
Goals for this period are 1 for COLORADO vs 0 for DALLAS.
Shots for this period are 11 for COLORADO vs 11 for DALLAS.